 Dungeon Crawl Stone Soup version 0.20.0-10-g0535bb4 (webtiles) character file.

401 Jannitor the Firebug (level 6, -4/41 HPs)
             Began as a Vampire Fire Elementalist on June 3, 2017.
             Was a Believer of Cheibriados.
             Slain by a gnoll
             ... wielding a +0 spear
              (11 damage)
             ... on level 4 of the Dungeon.
             The game lasted 00:08:29 (4489 turns).

Jannitor the Firebug (Vampire Fire Elementalist)    Turns: 4489, Time: 00:08:30

Health: -4/41      AC:  3    Str: 13    XL:     6   Next: 54%
Magic:  12/12      EV: 13    Int: 26    God:    Cheibriados [**....]
Gold:   262        SH:  0    Dex: 20    Spells: 9/14 levels left

rFire    . . .     SeeInvis +   l - +0 dagger (curse)
rCold    + . .     Gourm    .   (no shield)
rNeg     + + .     Faith    .   a - +0 robe
rPois    +         Spirit   .   (no helmet)
rElec    .         Reflect  .   (no cloak)
rCorr    .         Harm     .   (no gloves)
MR       .....                  j - +0 pair of boots
Stlth    ++++......             (no amulet)
Regen    0.1/turn               (no ring)
MPRegen  0.2/turn               (no ring)

@: regenerating slowly, very slow
A: fangs 3, see invisible, unbreathing
a: Bat Form, Bend Time, Renounce Religion


You were on level 4 of the Dungeon.
You worshipped Cheibriados.
Cheibriados was pleased with you.
You were near bloodless.

You visited 1 branch of the dungeon, and saw 4 of its levels.

You collected 262 gold pieces.

Inventory:

Hand Weapons
 i - a +2 whip of draining
 l - a cursed +0 dagger (weapon)
Missiles
 v - a throwing net (quivered)
Armour
 a - a +0 robe (worn)
 j - a +0 pair of boots (worn)
Jewellery
 k - a cursed amulet of the gourmand {unknown}
 s - an uncursed ring of magical power {unknown}
 x - an uncursed ring of resist corrosion {unknown}
Wands
 u - a wand of polymorph (9/24)
Scrolls
 d - 2 scrolls of identify {unknown}
 e - 4 scrolls of remove curse {unknown}
 o - 2 scrolls of teleportation {unknown}
 q - a scroll of fog {unknown}
 r - a scroll of recharging {unknown}
 t - a scroll of noise {unknown}
 w - a scroll of immolation {unknown}
 y - a scroll of fear {unknown}
 z - a scroll of magic mapping {unknown}
Potions
 c - 17 potions of blood
 f - 5 potions of lignification {unknown}
 g - a potion of agility {unknown}
 h - a potion of heal wounds {unknown}
 m - 2 potions of might {unknown}
 n - a potion of ambrosia {unknown}
 p - a potion of berserk rage {unknown}
Books
 b - a book of Flames

   Spells                             Type                      Level
   a - Flame Tongue                   Conjuration/Fire             1
   b - Throw Flame                    Conjuration/Fire             2
   c - Conjure Flame                  Conjuration/Fire             3
   d - Inner Flame                    Hexes/Fire                   3
   e - Sticky Flame                   Conjuration/Fire             4
   f - Fireball                       Conjuration/Fire             5


   Skills:
 - Level 2.1 Dodging
 - Level 3.0 Stealth
 + Level 4.5 Spellcasting
 + Level 1.3 Conjurations
 + Level 4.6 Fire Magic


You had 9 spell levels left.
You knew the following spells:

 Your Spells              Type           Power        Failure   Level  Hunger
a - Flame Tongue          Conj/Fire      ###..        2%          1    None
b - Sticky Flame          Conj/Fire      ###.....     24%         4    ####...


Dungeon Overview and Level Annotations

Branches:
Dungeon (4/15)             Temple (0/1) D:4

Altars:
Cheibriados


Innate Abilities, Weirdness & Mutations

You heal slowly.
You have razor-sharp teeth.
You have supernaturally acute eyesight. (SInv)
You can survive without breathing.


Message History

The frilled lizard barely misses you.
You see here a worker ant corpse.
The frilled lizard completely misses you.
The frilled lizard barely misses you.
You see here a spear.
The frilled lizard bites you but does no damage.
The gnoll hits you from afar with a spear.
The frilled lizard completely misses you.
The gnoll barely misses you. x2
The frilled lizard bites you but does no damage.
The gnoll misses you. The frilled lizard barely misses you.
The gnoll hits you from afar with a spear.
The frilled lizard misses you. The gnoll barely misses you.
The gnoll hits you with a club.
* * * LOW HITPOINT WARNING * * *
The frilled lizard bites you.
* * * LOW HITPOINT WARNING * * *
The gnoll hits you from afar with a spear!
You die...

#..###
#..........### ####
#............###.#
##................#
##................##
##.....†............
#..........g......#
##.....)..g.......#
#####+..##lg..#..#
#..##@..##..##
#.###..###...# #≈.⌠
#.##..## #...# #≈.#
###...# #...## #≈.#
#.....####....# #≈.#
#.....##......#
#≈.##
#.............#
#≈.⌠####⌠
#......#####.##
#≈....... #...####
##.#


You could see 3 gnolls and a frilled lizard.

Vanquished Creatures
  An ogre (D:4)
  2 howler monkeys (D:4)
  A hound (D:4)
  A bullfrog skeleton (D:3)
  2 worker ants (D:4)
  A gnoll (D:4)
  A howler monkey skeleton (D:4)
  4 adders
  A worm (D:2)
  A dart slug (D:3)
  4 leopard geckos
  4 orcs
  4 giant cockroaches
  4 goblins
  8 hobgoblins
  2 jackals (D:2)
  9 kobolds
  3 quokkas
  7 bats
  4 frilled lizards
  A jackal skeleton (D:4)
  7 rats
72 creatures vanquished.

Notes
Turn   | Place    | Note
-------+----------+-------------------------------------------
     0 | D:1      | Jannitor the Vampire Fire Elementalist began the quest for the Orb.
     0 | D:1      | Reached XP level 1. HP: 13/13 MP: 3/3
   424 | D:1      | Reached XP level 2. HP: 19/19 MP: 1/5
  1416 | D:1      | Reached XP level 3. HP: 24/24 MP: 3/6
  1927 | D:2      | Found a faded altar of an unknown god.
  1974 | D:2      | Became a worshipper of Cheibriados the Contemplative
  1974 | D:2      | Reached * piety under Cheibriados
  3201 | D:3      | Reached XP level 4. HP: 28/30 MP: 3/8
  3470 | D:3      | Reached ** piety under Cheibriados
  3652 | D:4      | Found a staircase to the Ecumenical Temple.
  3723 | D:4      | Reached XP level 5. HP: 34/35 MP: 4/10
  3836 | D:4      | Noticed an ogre
  3847 | D:4      | Killed an ogre
  3847 | D:4      | Reached XP level 6. HP: 34/41 MP: 3/12
  3882 | D:4      | Learned a level 4 spell: Sticky Flame
  4110 | D:4      | Reached skill level 1 in Conjurations
  4489 | D:4      | Slain by a gnoll

Skill      XL: |  1  2  3  4  5  6 |
---------------+-------------------+-----
Fire Magic     | 3 4 |  4.6
Spellcasting   | 3 4 |  4.5
Conjurations   | 1 |  1.3
Dodging        | |  2.1
Stealth        | |  3.0

Action                   |  1- 3 |  4- 6 || total
-------------------------+-------+-------++-------
Melee: Unarmed           |    20 |       ||    20
       Whip              |     2 |       ||     2
       Bite              |     1 |       ||     1
       Dagger            |     2 |     1 ||     3
 Cast: Flame Tongue      |    83 |    75 ||   158
  Use: Potion            |     2 |     2 ||     4
 Stab: Sleeping          |     2 |       ||     2
Armor: Robe              |    13 |     8 ||    21
Dodge: Dodged            |    40 |    40 ||    80
